 Dungeon Crawl Stone Soup version 0.30-a0-4-ga7cffc901d (webtiles) character file.

Game seed: 15567460461743930092

94 Zeldest the Trooper (level 4, -10/40 HPs)
             Began as a Hill Orc Abyssal Knight on Aug 22, 2022.
             Was a Priest of Lugonu.
             Killed from afar by a steam dragon (19 damage)
             ... with a ball of steam
             ... on level 4 of the Dungeon.
             The game lasted 00:02:51 (3099 turns).

Zeldest the Trooper (Hill Orc Abyssal Knight)       Turns: 3099, Time: 00:02:52

Health: -10/40     AC:  5    Str: 17    XL:     4   Next: 63%
Magic:  7/7        EV: 10    Int: 10    God:    Lugonu [***...]
Gold:   196        SH:  3    Dex: 11    Spells: 3/3 levels left

rFire   . . .      SeeInvis .    a - +1 hand axe
rCold   . . .      Faith    .    j - +0 buckler
rNeg    . . .      Spirit   .    i - +0 ring mail
rPois   .          Reflect  .    (no helmet)
rElec   .          Harm     .    (no cloak)
rCorr   .          Rampage  .    (no gloves)
Will    .....                    (no boots)
Stlth   +.........               (no amulet)
HPRegen 0.13/turn                (no ring)
MPRegen 0.10/turn                (no ring)

@: no status effects
A: no striking features
a: Renounce Religion, Depart the Abyss, Bend Space, Banish


You were on level 4 of the Dungeon.
You worshipped Lugonu.
Lugonu was most pleased with you.
You visited 1 branch of the dungeon, and saw 4 of its levels.
You visited the Abyss 1 time.

You collected 196 gold pieces.

Inventory:

Hand Weapons
 a - a +1 hand axe (weapon)
Armour
 i - a +0 ring mail (worn)
 j - a +0 buckler (worn)
Scrolls
 b - a scroll of magic mapping {unknown}
 c - a scroll of fear {unknown}
 e - a scroll of torment {unknown}
 g - 2 scrolls of butterflies
 k - a scroll of enchant armour {unknown}
Potions
 d - a potion of curing {unknown}
 f - a potion of magic {unknown}
 h - a potion of degeneration {unknown}


   Skills:
 + Level 4.2 Fighting
 * Level 4.1 Axes
 + Level 2.8 Armour
 - Level 0.7 Dodging
 * Level 4.0 Invocations


You had 3 spell levels left.
You didn't know any spells.
Your spell library contained the following spells:

 Spells                   Type           Power      Damage    Failure   Level
 Apportation              Tloc           0%         N/A       67%         1
 Freeze                   Ice            0%         1d3       67%         1
 Necrotise                Necr           0%         1d4       67%         1
 Summon Small Mammal      Summ           0%         N/A       67%         1
 Chain Lightning          Conj/Air       0%         N/A       100%        9
 Fire Storm               Conj/Fire      0%         5d1       100%        9
 Shatter                  Erth           0%         3d5*      100%        9


Dungeon Overview and Level Annotations

Branches:
Dungeon (4/15)
 Temple: D:4-7

Altars:
Ru
Xom

Shops:
D:2 =


Message History

Your butterfly dies!
Your butterfly disappears in a burst of colours!
Your butterfly is engulfed in a cloud of scalding steam.
Your butterfly dies!
Your butterfly disappears in a burst of colours!
Your butterfly is engulfed in a cloud of scalding steam.
Your butterfly dies!
Your butterfly disappears in a burst of colours!
Your butterfly is engulfed in a cloud of scalding steam.
Your butterfly dies!
Your butterfly disappears in a burst of colours!
Your butterfly is engulfed in a cloud of scalding steam.
Your butterfly dies!
Your butterfly disappears in a burst of colours!
Something bites your butterfly.
Your butterfly dies!
Your butterfly disappears in a burst of colours!
Your butterfly is engulfed in a cloud of scalding steam.
Your butterfly dies!
Your butterfly disappears in a burst of colours!
Your butterfly is engulfed in a cloud of scalding steam.
Your butterfly dies!
Your butterfly disappears in a burst of colours!
Your butterfly is engulfed in a cloud of scalding steam.
Your butterfly dies!
Your butterfly disappears in a burst of colours!
Your butterfly is engulfed in a cloud of scalding steam.
Your butterfly dies!
Your butterfly disappears in a burst of colours!
You swap places.
Found a brown potion.
Found a shimmering altar of Xom.
Your butterfly is engulfed in a cloud of scalding steam.
Your butterfly dies!
Your butterfly disappears in a burst of colours!
Your butterfly is engulfed in a cloud of scalding steam.
Your butterfly dies!
Your butterfly disappears in a burst of colours!
Found a shimmering altar of Xom.
The steam dragon breathes steam at you. The ball of steam hits you!!
You die...

## _#~ ⌠ ≈♣_♣.# #.
#~ ^.._
#)..#§.#..^
....##~♣#. ####
#.....##.#. .....
#......##⌠##..!...
#.........@.#
#=.......§###.#
#.....)..§....#
#...b.....##..#
#.....)...# .#
#.......D.# #
........<.#
.#######.## ..#


There were no monsters in sight!

Vanquished Creatures
  3 adders (D:2)
  A worm (D:3)
  A dart slug (D:1)
  2 orcs
  3 endoplasms
  6 giant cockroaches
  6 goblins
  4 hobgoblins
  4 jackals (D:3)
  3 quokkas
  3 ball pythons
  6 bats
  4 frilled lizards
  5 kobolds
  7 rats
58 creatures vanquished.

Notes
Turn   | Place    | Note
-------+----------+-------------------------------------------
     0 | Abyss:1  | Zeldest the Hill Orc Abyssal Knight began the quest for the
                  | Orb.
     0 | Abyss:1  | Reached XP level 1. HP: 19/19 MP: 2/2
     1 | D:1      | Escaped the Abyss
     5 | D:1      | Found a faded altar of an unknown god.
    13 | D:1      | Got Plato's Vademecum on Ice
   319 | D:1      | Reached XP level 2. HP: 22/27 MP: 4/4
   994 | D:2      | Reached XP level 3. HP: 33/33 MP: 5/5
  1158 | D:2      | Reached *** piety under Lugonu
  1289 | D:2      | Found Rouwk's Jewellery Boutique.
  1643 | D:2      | Reached XP level 4. HP: 40/40 MP: 6/6
  2112 | D:3      | Identified the +4 sling of the Heavens {freeze, rElec rCorr
                  | Int-3 Dex-5}
  2773 | D:3      | Found a sacrificial altar of Ru.
  3091 | D:4      | Noticed a steam dragon
  3097 | D:4      | Found a shimmering altar of Xom.
  3098 | D:4      | Found a shimmering altar of Xom.
  3099 | D:4      | Found a shimmering altar of Xom.
  3099 | D:4      | Killed from afar by a steam dragon

Illustrated notes

Levels and vault maps discovered:
D:1:      dreamdust_arrival_beginning_and_end, layout_rooms,
          shapermc_ecumenical_altar_rom_forum, minmay_tripent
D:2:      layout_loops_ring, serial_shops, nicolae_shop_hallway_stairs,
          nicolae_figureground_sparkle
D:3:      layout_basic, mainiacjoe_overflow_surrounded_room,
          minmay_misc_feat_square
D:4:      layout_rooms, xom_redecorated, serial_shops, shop_coins,
          nicolae_ossuary_entry_ruins, serial_co_window_serial,
          co_window_corner_a, co_window_paths_a, co_window_paths_b,
          co_window_paths_b, co_window_of_opportunity_a, co_window_corner_b,
          co_window_unsneaky_path_a, co_window_paths_c, co_window_broadway_c,
          co_window_broadway_a, glass_columns_a, glass_columns_a,
          glass_columns_b

Skill      XL: |  1  2  3  4 |
---------------+-------------+-----
Axes           | 3 4 |  4.1
Invocations    | 3 4 |  4.0
Fighting       | 4 |  4.2
Armour         | |  2.8
Dodging        | |  0.7

Action                   |  1- 3 |  4- 6 || total
-------------------------+-------+-------++-------
Melee: Hand axe          |   114 |    91 ||   205
  Use: Scroll            |       |     1 ||     1
Armor: Leather armour    |    31 |    16 ||    47
       Ring mail         |       |    28 ||    28
Dodge: Dodged            |    66 |    69 ||   135
Block: Buckler           |       |     6 ||     6

Table legend: (Time is in decaauts)
 A = Elapsed time spent in this place.
 B = Non-inter-level travel time spent in this place.
 C = Inter-level travel time spent in this place.
 D = Time resting spent in this place.
 E = Time spent auto-exploring this place.
 F = Levels seen in this place.
 G = Mean time per level.
                   A        B        C        D        E       F      G
               +--------+--------+--------+--------+--------+-----+--------+
         Total |   3125 |   2973 |    152 |    921 |   1558 |   5 |  625.0 |
       Dungeon |   3124 |   2972 |    152 |    921 |   1558 |   4 |  781.0 |
         Abyss |      1 |      1 |      0 |      0 |      0 |   1 |    1.0 |
               +--------+--------+--------+--------+--------+-----+--------+

Top non-repeatable levels by time:
     D:2: 1084 daAuts
     D:3: 1045 daAuts
     D:1: 981 daAuts
     D:4: 13 daAuts
 Abyss:1: 1 daAuts
